 Dungeon Crawl Stone Soup version 0.29-a0-243-g602b31c20e (webtiles) character file.

Game seed: 18108847315059798434

146 bande the Covered (level 5, -1/33 HPs)
             Began as a Gargoyle Fighter on Mar 4, 2022.
             Killed from afar by an orc wizard (8 damage)
             ... with a magic dart
             ... on level 3 of the Dungeon.
             The game lasted 00:04:27 (2754 turns).

bande the Covered (Gargoyle Fighter)                Turns: 2754, Time: 00:04:28

Health: -1/33      AC: 13    Str: 20    XL:     5   Next: 28%
Magic:  5/5        EV:  7    Int:  8    God:
Gold:   245        SH:  0    Dex: 11    Spells: 2/4 levels left

rFire   . . .      SeeInvis .   a - +0 war axe (chaos)
rCold   . . .      Faith    .   c - +0 buckler
rNeg    + . .      Spirit   .   l - +0 chain mail
rPois   ∞          Reflect  .   (no helmet)
rElec   +          Harm     .   (no cloak)
rCorr   .          Rampage  .   (no gloves)
Will    .....                   (no boots)
Stlth   ..........              g - amulet of regeneration
HPRegen 0.91/turn               (no ring)
MPRegen 0.09/turn               (no ring)

@: confused, studying Armour
A: sickness immunity, AC +4, negative energy resistance 1, electricity
resistance, torment resistance 1, petrification resistance
a: no special abilities


You were on level 3 of the Dungeon.
You visited 1 branch of the dungeon, and saw 3 of its levels.

You collected 245 gold pieces.

Inventory:

Hand Weapons
 a - a +0 war axe of chaos (weapon)
 h - a +0 flail
Armour
 c - a +0 buckler (worn)
 l - a +0 chain mail (worn)
Jewellery
 g - an amulet of regeneration (around neck)
Scrolls
 e - a scroll of amnesia
 f - 4 scrolls of identify
 i - a scroll of vulnerability {unknown}
 o - a scroll of acquirement
Potions
 b - a potion of berserk rage
 d - a potion of might
 n - a potion of mutation
 p - a potion of magic


   Skills:
 + Level 3.7 Fighting
 + Level 3.1 Axes
 + Level 4.4 Armour
 + Level 3.9 Shields
 * Level 1.4 Translocations


You had 2 spell levels left.
You knew the following spells:

 Your Spells              Type           Power      Damage    Failure   Level
a - Blink                 Tloc           4%         N/A       99%         2

Your spell library contained the following spells:

 Spells                   Type           Power      Damage    Failure   Level
 Sting                    Tmut/Pois      0%         1d3       99%         1
 Poisonous Vapours        Pois/Air       0%         N/A       100%        2
 Lesser Beckoning         Tloc           2%         N/A       100%        3
 Olgreb's Toxic Radiance  Pois           0%         N/A       100%        4
 Manifold Assault         Tloc           2%         N/A       100%        5


Dungeon Overview and Level Annotations

Branches:
Dungeon (3/15)

Altars:

Shops:
D:3 (


Innate Abilities, Weirdness & Mutations

You are immune to sickness and miasma.
Your stone body is resilient. (AC +4)
You are immune to poison.
You resist negative energy. (rN+)
You are resistant to electric shocks. (rElec)
You are resistant to unholy torment.
You are immune to petrification.


Message History

The orc shouts!
The orc wizard shouts!
You hear a shout!
The orc wizard points at you and mumbles some strange words.
The magic dart hits you.
An orc wizard comes into view. It is wielding a +0 dagger.
The orc wizard shouts!
The orc wizard casts a spell.
The orc wizard flickers and vanishes!
Deactivating autopickup; reactivate with Ctrl-A.
The orc barely misses you.
The orc priest hits you but does no damage.
The orc hits you but does no damage.
Unknown command.
You closely miss the orc priest. You slash the orc! You freeze the orc.
You kill the orc!
The orc priest hits you but does no damage.
The orc hits you but does no damage.
You closely miss the orc priest. You hit the orc wizard.
The orc wizard seems to grow stronger.
The orc barely misses you.
The orc priest mumbles some strange prayers to Beogh against you.
Pain shoots through your body!
The orc wizard hits you but does no damage.
The orc priest calls down the wrath of Beogh upon you.
Beogh smites you!
You closely miss the orc priest. You slash the orc wizard!
The orc wizard is poisoned.
The orc wizard points at you and mumbles some strange words.
You are confused.
The orc priest hits you with a +0 short sword of venom.
The orc hits you but does no damage.
The orc wizard gestures at you while chanting.
You resist with some effort.
You miss something. You hit the orc priest. You burn the orc priest.
You miss the orc wizard.
The orc priest calls down the wrath of Beogh upon you.
Beogh smites you!
* * * LOW HITPOINT WARNING * * *
The orc hits you but does no damage. The orc wizard casts a spell at you.
The magic dart hits you!
You die...

,,,*,* #####.##.# #.#....#.##..
,,**,#########.##.# *,#....#.#..#
,,,,,......†....#.# *,#.........#
*,,**...........#.###.#.......###
*,,**.................#......##≈≈
*,,,,.....#####.......#.....##§≈.
<,***.....* #......##.....#§§..
,,,,,..##** ##.######....##§§§#
*,***.,* *****#@#*** #....#≈§†)#
*,,,,,,***#....oo...###....#≈.†)#
***,,,,,,......o....##.....#≈...#
*,,,***##.........##..##.'....#
*,,,* #................#≈....
***,,,*####.........##.....#≈≈§..
*,,,,,.#............###.#..##§§..
*,*,,..#.....###...####.##.###§≈≈
*,***#.#.....# #.............####


You could see an orc priest, an orc wizard (strong, very poisoned) and an orc.

Vanquished Creatures
  An iguana (D:3)
  5 gnolls (D:3)
  3 adders
  A dart slug (D:1)
  An orc (D:3)
  3 ball pythons
  4 endoplasms
  3 giant cockroaches
  5 goblins
  A hobgoblin (D:2)
  4 jackals (D:2)
  6 bats
  8 frilled lizards
  5 kobolds
  5 rats
55 creatures vanquished.

Notes
Turn   | Place    | Note
-------+----------+-------------------------------------------
     0 | D:1      | bande the Gargoyle Fighter began the quest for the Orb.
     0 | D:1      | Reached XP level 1. HP: 14/14 MP: 1/1
   272 | D:1      | Reached XP level 2. HP: 19/19 MP: 2/2
   501 | D:1      | Found a faded altar of an unknown god.
  1125 | D:2      | Reached XP level 3. HP: 23/23 MP: 3/3
  1133 | D:2      | Learned a level 2 spell: Blink
  2200 | D:3      | Found Reasmeb's Weapon Shoppe.
  2255 | D:3      | Reached XP level 4. HP: 28/28 MP: 4/4
  2286 | D:3      | Identified 2 scrolls of acquirement
  2286 | D:3      | Acquired a manual of Armour
  2406 | D:3      | Reached skill level 1 in Translocations
  2408 | D:3      | Reached skill level 4 in Armour
  2585 | D:3      | Reached XP level 5. HP: 21/33 MP: 5/5
  2754 | D:3      | Killed from afar by an orc wizard

Illustrated notes

Levels and vault maps discovered:
D:1:      heliophobic_arrival_ceremonial_halls, layout_loops_ring,
          hellmonk_ecumenical_altar_heavens_door, serial_aquarium,
          aquarium_bridge_square [aquarium_subvault_bridge,
          aquarium_subvault_bridge, aquarium_subvault_bridge,
          aquarium_subvault_bridge], aquarium_bridge_long_separate
          [aquarium_subvault_bridge, aquarium_subvault_bridge,
          aquarium_subvault_wall, aquarium_subvault_bridge,
          aquarium_subvault_bridge, aquarium_subvault_window],
          aquarium_window_2, aquarium_window_3, aquarium_window_corner,
          aquarium_window_1, aquarium_view_2b, minmay_heptomino_h4
D:2:      layout_basic, chequers_garden, minmay_puff
D:3:      layout_basic, serial_shops, shop_coins, kennysheep_potato

Skill      XL: |  1  2  3  4 |
---------------+-------------+-----
Axes           | 2 3 |  3.1
Translocations | 1 |  1.4
Armour         | 4 |  4.4
Fighting       | |  3.7
Shields        | |  3.9

Action                   |  1- 3 |  4- 6 || total
-------------------------+-------+-------++-------
Melee: War axe           |   139 |    45 ||   184
  Use: Scroll            |       |    11 ||    11
Armor: Scale mail        |    68 |       ||    68
       Chain mail        |    31 |    42 ||    73
Dodge: Dodged            |    73 |    21 ||    94
Block: Buckler           |    32 |     8 ||    40

Table legend: (Time is in decaauts)
 A = Elapsed time spent in this place.
 B = Non-inter-level travel time spent in this place.
 C = Inter-level travel time spent in this place.
 D = Time resting spent in this place.
 E = Time spent auto-exploring this place.
 F = Levels seen in this place.
 G = Mean time per level.
                   A        B        C        D        E       F      G
               +--------+--------+--------+--------+--------+-----+--------+
         Total |   2831 |   2698 |    133 |    218 |   1940 |   3 |  943.7 |
       Dungeon |   2831 |   2698 |    133 |    218 |   1940 |   3 |  943.7 |
               +--------+--------+--------+--------+--------+-----+--------+

Top non-repeatable levels by time:
     D:2: 1389 daAuts
     D:1: 866 daAuts
     D:3: 575 daAuts
